 Dungeon Crawl Stone Soup version 0.27.1-33-g824d729ab1 (webtiles) character file.

Game seed: 5773666853846636738

92 djsenpai the Cudgeller (level 4, -5/40 HPs)
             Began as a Draconian Berserker on Dec 12, 2021.
             Was a Believer of Trog.
             Slain by a gnoll (7 damage)
             ... on level 3 of the Dungeon.
             The game lasted 00:04:19 (2492 turns).

djsenpai the Cudgeller (Draconian Berserker)        Turns: 2492, Time: 00:04:20

Health: -5/40      AC:  7    Str: 21    XL:     4   Next: 35%
Magic:  4/4        EV: 12    Int:  7    God:    Trog [**....]
Gold:   76         SH:  0    Dex: 10    Spells: 3/3 levels left

rFire    . . .     SeeInvis .   a - +0 mace
rCold    . . .     Faith    .   (no shield)
rNeg     . . .     Spirit   .   (armour unavailable)
rPois    .         Reflect  .   (helmet restricted)
rElec    .         Harm     .   (no cloak)
rCorr    .         Rampage  .   q - +0 pair of gloves
Will     ++...                  j - +0 pair of boots
Stlth    +.........             (no amulet)
HPRegen  1.13/turn              (no ring)
MPRegen  0.09/turn              (no ring)

@: strong-willed, on berserk cooldown, regenerating, slowed, very slow
A: AC +5, unfitting armour, cold-blooded
a: Renounce Religion, Berserk, Trog's Hand


You were on level 3 of the Dungeon.
You worshipped Trog.
Trog was pleased with you.
You visited 1 branch of the dungeon, and saw 3 of its levels.

You collected 76 gold pieces.

Inventory:

Hand Weapons
 a - a +0 mace (weapon)
Armour
 j - a +0 pair of boots (worn)
 q - a +0 pair of gloves (worn)
Scrolls
 b - a scroll of enchant armour {unknown}
 e - a scroll of brand weapon {unknown}
 f - a scroll of teleportation {unknown}
 g - a scroll of holy word {unknown}
 k - a scroll of fog {unknown}
 s - a scroll of noise {unknown}
Potions
 c - 3 potions of degeneration {unknown}
 d - a potion of haste {unknown}
 h - a potion of ambrosia {unknown}
 i - a potion of heal wounds {unknown}
 l - a potion of flight {unknown}
 m - a potion of invisibility {unknown}
 n - a potion of cancellation {unknown}
 o - a potion of magic {unknown}
 p - a potion of curing {unknown}
 r - a potion of mutation {unknown}


   Skills:
 + Level 3.9 Fighting
 + Level 4.1 Maces & Flails
 + Level 3.4 Dodging
 + Level 0.4 Stealth


You had 3 spell levels left.
You didn't know any spells.
Your spell library was empty.

Dungeon Overview and Level Annotations

Branches:
Dungeon (3/15)

Altars:


Innate Abilities, Weirdness & Mutations

Your plain brown scales are hard. (AC +5)
You cannot fit into any form of body armour.
You are cold-blooded and may be slowed by cold attacks.


Message History

A red film seems to cover your vision as you go berserk!
You feel yourself moving faster!
You feel mighty! The gnoll hits you with a +0 club.
You closely miss the gnoll. The gnoll hits you with a +0 club.
You closely miss the gnoll. The gnoll hits you but does no damage.
You barely miss the gnoll. The gnoll hits you with a +0 club.
You hit the gnoll. You tail-slap the gnoll.
The gnoll is heavily wounded.
You sock the gnoll!
You kill the gnoll!
Trog accepts your kill.
You closely miss the gnoll. The gnoll hits you with a +0 flail.
You thump the gnoll!
You kill the gnoll!
Trog accepts your kill.
Things that are here:
a +0 flail; a +0 club; a gnoll corpse A gnoll comes into view.
It is wielding a +0 halberd.
You feel a strong urge to attack something.
You are no longer berserk.
You are exhausted.
You feel yourself slow down.
The gnoll shouts!
Things that are here:
a +0 flail; a +0 club; a gnoll corpse The gnoll hits you from afar with a +0 halberd!
The gnoll closely misses you.
A gnoll comes into view. It is wielding a +0 halberd.
The gnoll closely misses you. The gnoll blocks your attack.
Your tail-slap misses the gnoll.
The gnoll hits you with a +0 halberd. The gnoll completely misses you.
The gnoll blocks your attack.
You tail-slap the gnoll.
The gnoll is moderately wounded.
The gnoll hits you with a +0 halberd!
* * * LOW HITPOINT WARNING * * *
The gnoll closely misses you. x2
Your skin crawls.
You feel strong-willed.
The gnoll hits you from afar with a +0 halberd!
You die...

..# #.########. #. ..#
#.# #. #.# #.# #.## #.
#.# #.# #..#######. #.#
#.# #.P..P..P.P #.# #g#
###....P.PP #.# #g#
#..####P.P. ####.###.#
#P.P..P###. #.....)@.#
#.P...P._##
#.##.#########..P.≈.###)
#..........P..⌠....#.
#####.####.≈..⌠⌠P..#.
#.# #.P...P.###. #.#
#........... #.#
#........... #.#
#.#######.## ... #.#
#.##


You could see 2 gnolls.

Vanquished Creatures
  2 gnolls (D:3)
  An adder (D:3)
  2 dart slugs (D:1)
  An orc (D:3)
  5 endoplasms
  A giant cockroach (D:1)
  5 goblins
  9 hobgoblins
  5 jackals
  4 kobolds
  A quokka (D:2)
  4 ball pythons
  5 bats
  2 frilled lizards
  6 rats
53 creatures vanquished.

Notes
Turn   | Place    | Note
-------+----------+-------------------------------------------
     0 | D:1      | djsenpai the Draconian Berserker began the quest for the
                  | Orb.
     0 | D:1      | Reached XP level 1. HP: 19/19 MP: 1/1
   221 | D:1      | Reached XP level 2. HP: 25/26 MP: 2/2
   887 | D:1      | Reached XP level 3. HP: 28/33 MP: 3/3
  1230 | D:2      | Reached ** piety under Trog
  2225 | D:3      | Reached XP level 4. HP: 33/40 MP: 4/4
  2395 | D:3      | Reached skill level 4 in Maces & Flails
  2442 | D:3      | Found a faded altar of an unknown god.
  2490 | D:3      | HP: 1/40 [gnoll (14)]
  2492 | D:3      | Slain by a gnoll

Illustrated notes

Levels and vault maps discovered:
D:1:      lemuel_arrival_funnel, layout_basic, serial_rivers,
          chequers_serial_rivers_marsh, chequers_serial_rivers_micro_d,
          chequers_serial_rivers_room_b, chequers_serial_rivers_small_a,
          chequers_serial_rivers_micro_a, chequers_serial_rivers_marsh
D:2:      layout_rooms
D:3:      layout_loops_ring, shapermc_ecumenical_altar_mp_ritualfount

Skill      XL: |  1  2  3  4 |
---------------+-------------+-----
Dodging        | 3 |  3.4
Maces & Flails | 4 |  4.1
Fighting       | |  3.9
Stealth        | |  0.4

Action                   |  1- 3 |  4- 6 || total
-------------------------+-------+-------++-------
Melee: Mace              |   123 |    17 ||   140
       Tailslap          |    15 |     4 ||    19
Invok: Berserk           |     1 |     1 ||     2
       Trog's Hand       |       |     1 ||     1
 Stab: Sleeping          |     1 |       ||     1
Armor: Skin              |    56 |     2 ||    58
Dodge: Dodged            |   104 |     9 ||   113
